 Dungeon Crawl Stone Soup version 0.17-a0-802-g1f09329 (webtiles) character file.

191 namelastname112 the Sneak (level 5, -9/38 HPs)
             Began as a Draconian Enchanter on Apr 26, 2015.
             Was an Initiate of Dithmenos.
             Mangled by an ogre
             ... wielding a +0 giant club
              (18 damage)
             ... on level 4 of the Dungeon.
             The game lasted 00:08:10 (3456 turns).

namelastname112 the Sneak (Draconian Enchanter)     Turns: 3456, Time: 00:08:11

Health: -9/38      AC:  5    Str: 11    XL:     5   Next: 42%
Magic:  2/9        EV: 12    Int: 16    God:    Dithmenos [......]
Gold:   161        SH:  0    Dex: 11    Spells: 4 memorised, 1 level left

rFire  x . .     SeeInvis .     a - +1 dagger
rCold  + . .     Clarity  .     (armour unavailable)
rNeg   . . .     SustAb   .     (no shield)
rPois  .         Gourm    .     (helmet restricted)
rElec  .         Spirit   .     (no cloak)
rCorr  .         Warding  .     (no gloves)
rMut   .         Stasis   .     (no boots)
MR     .....                    (no amulet)
Stlth  ++........               (no ring)
                                k - ring of ice

@: very slightly contaminated, not resistant to hostile enchantments, unstealthy
A: unfitting armour, cold-blooded, AC +5
a: Renounce Religion


You were on level 4 of the Dungeon.
You worshipped Dithmenos.
Dithmenos was noncommittal.
You were not hungry.

You visited 1 branch of the dungeon, and saw 4 of its levels.

You collected 161 gold pieces.

Inventory:

Hand weapons
 a - a +1 dagger (weapon)
Jewellery
 k - a ring of ice (left hand)
Scrolls
 e - 2 scrolls of remove curse
 f - 3 scrolls of teleportation
 g - 9 scrolls of identify {unknown}
 h - a scroll of amnesia {unknown}
 j - a scroll of fear {unknown}
Potions
 i - 3 potions of curing {unknown}
 n - a potion of ambrosia {unknown}
Books
 b - a book of Maledictions

   Spells                             Type                      Level
   a - Corona                         Hexes                        1
   b - Ensorcelled Hibernation        Hexes/Ice                    2
   c - Confuse                        Hexes                        3
   d - Tukima's Dance                 Hexes                        3
   e - Dazzling Spray                 Conjuration/Hexes            3
 o - a Fen Folio

   Spells                             Type                      Level
   a - Corpse Rot                     Necromancy                   2
   b - Stone Arrow                    Conjuration/Earth            3
   c - Leda's Liquefaction            Hexes/Earth                  4
   d - Summon Forest                  Summoning/Translocation      5
   e - Hydra Form                     Transmutation                6
   f - Summon Hydra                   Summoning                    7
Comestibles
 c - 2 bread rations
 d - a royal jelly
 l - a fruit


   Skills:
 + Level 2.4 Short Blades
 + Level 2.6 Dodging
 + Level 3.9 Stealth
 + Level 2.7 Spellcasting
 + Level 3.3 Hexes


You had one spell level left.
You knew the following spells:

 Your Spells              Type           Power        Failure   Level  Hunger
a - Corona                Hex            ##.....      6%          1    #......
b - Corpse Rot            Necr           N/A          30%         2    ##.....
c - Confuse               Hex            ##......     14%         3    ###....
z - Ensorcelled Hibernat  Hex/Ice        ##....       17%         2    ##.....


Dungeon Overview and Level Annotations

Branches:
Dungeon (4/15)
 Temple: D:4-7

Altars:
Cheibriados
Dithmenos
Trog

Annotations:
D:4 Grinder; Lokkij's ghost, average VSSk


Innate Abilities, Weirdness & Mutations

Your plain brown scales are hard (AC +5).
Your body does not fit into most forms of armour.
You are cold-blooded and may be slowed by cold attacks.


Message History

Ouch! That really hurt!
* * * LOW HITPOINT WARNING * * *
Casting: Corpse Rot
Confirm with . or Enter, or press ? or * to list all spells.
Aiming: Confuse
Press: ? - help, Shift-Dir - straight line, f/p - ogre
Aim: an ogre, wielding a giant club (lightly wounded, chance 43%)
The ogre resists with some effort.
The ogre closely misses you. The ogre barely misses you.
Casting: Confuse
Confirm with . or Enter, or press ? or * to list all spells.
You don't have enough magic to cast that spell.
Casting: Confuse
Confirm with . or Enter, or press ? or * to list all spells.
Aiming: Confuse
Press: ? - help, Shift-Dir - straight line, f/p - ogre
Aim: an ogre, wielding a giant club (lightly wounded, chance 43%)
The ogre resists with some effort.
The ogre hits you but does no damage. The ogre hits you with a giant club!!
You die...

.#. #.. ...
..# ..##....
#...... ....#
. ###...# ...
#....####....
#...O.........
#..@#.?..####
#.....####
#...#....#
#..>#....+
#...#....#
#...######
#...# #####


You could see an ogre.

Vanquished Creatures
  Ijyb (D:3)
  A hound (D:3)
  7 adders
  4 oozes
  2 worms
  A giant gecko (D:2)
  An orc (D:3)
  A ball python (D:2)
  A giant cockroach (D:2)
  4 goblins
  12 hobgoblins
  6 jackals
  5 kobolds
  A quokka (D:2)
  8 bats
  A giant newt (D:3)
  5 rats
61 creatures vanquished.

Notes
Turn   | Place    | Note
--------------------------------------------------------------
     0 | D:1      | namelastname112, the Draconian Enchanter, began the quest for the Orb.
     0 | D:1      | Reached XP level 1. HP: 14/14 MP: 3/3
    61 | D:1      | Reached XP level 2. HP: 2/20 MP: 1/5
    70 | D:1      | Reached skill level 3 in Stealth
   410 | D:1      | Learned a level 2 spell: Ensorcelled Hibernation
   923 | D:1      | Reached XP level 3. HP: 20/26 MP: 1/6
  1398 | D:2      | Reached XP level 4. HP: 24/33 MP: 0/7
  1585 | D:3      | Noticed Ijyb
  1587 | D:3      | Found a shadowy altar of Dithmenos.
  1712 | D:3      | Killed Ijyb
  1731 | D:3      | Became a worshipper of Dithmenos the Shadowed
  1746 | D:3      | Learned a level 2 spell: Corpse Rot
  1985 | D:3      | Noticed an ogre
  2561 | D:3      | Reached XP level 5. HP: 38/38 MP: 9/9
  2593 | D:3      | Found a snail-covered altar of Cheibriados.
  2943 | D:4      | Found a bloodstained altar of Trog.
  2943 | D:4      | Noticed Lokkij's ghost (average VSSk)
  2950 | D:3      | Learned a level 3 spell: Confuse
  3140 | D:4      | Noticed Grinder
  3404 | D:4      | Noticed an ogre
  3456 | D:4      | Mangled by an ogre

Action                   |  1- 3 |  4- 6 || total
-------------------------+-------+-------++-------
Melee: Dagger            |   130 |   155 ||   285
 Cast: Corona            |     4 |     1 ||     5
       Ensorcelled Hiber |    20 |    32 ||    52
       Confuse           |       |     7 ||     7
  Use: Scroll            |       |     2 ||     2
 Stab: Sleeping          |    15 |    17 ||    32
       Confused          |       |     1 ||     1
  Eat: Chunk             |     2 |     6 ||     8
       Pizza             |       |     1 ||     1
       Meat ration       |       |     1 ||     1
